 Dungeon Crawl Stone Soup version 0.30.0-5-g1a98f26d00 (webtiles) character file.

Game seed: 10995751114173338594

14154 Tirrikindir the Basher (level 12, -3/76 HPs)
             Began as a Gargoyle Fighter on May 11, 2023.
             Was a High Priest of Qazlal.
             Blown up by an orc warrior (20 damage)
             ... with a mindburst bolt
             ... on level 10 of the Dungeon.
             The game lasted 00:32:47 (10277 turns).

Tirrikindir the Basher (Gargoyle Fighter)          Turns: 10277, Time: 00:32:47

Health: -3/76      AC: 22    Str: 26    XL:     12   Next: 13%
Magic:  17/17      EV: 17    Int: 10    God:    Qazlal [*****.]
Gold:   1923       SH: 18    Dex: 13    Spells: 11/11 levels left

rFire   . . .        A - +2 flail (venom)
rCold   + . .        N - +0 kite shield
rNeg    + . .        v - +2 ring mail {rC+}
rPois   ∞            (no helmet)
rElec   +            D - +0 cloak
rCorr   .            (no gloves)
SInv    .            (no boots)
Will    .....        j - amulet of faith
Stlth   +            q - +5 ring of evasion
HPRegen 0.32/turn    o - +6 ring of strength
MPRegen 0.15/turn

%: repel missiles, faith
@: protected from physical damage
A: sickness immunity, AC +8, negative energy resistance 1, electricity
resistance, torment resistance 1, petrification resistance
a: Renounce Religion, Upheaval, Elemental Force, Disaster Area


You were on level 10 of the Dungeon.
You worshipped Qazlal.
Qazlal was extremely pleased with you.
You visited 2 branches of the dungeon, and saw 11 of its levels.

You collected 1923 gold pieces.

Inventory:

Hand Weapons
 c - a +3 scimitar of flaming
 A - a +2 flail of venom (weapon)
Missiles
 n - 14 boomerangs (quivered)
 u - a throwing net
Armour
 v - a +2 ring mail of cold resistance (worn)
 D - a +0 cloak (worn)
 K - a +0 plate armour
 N - a +0 kite shield (worn)
Jewellery
 i - an amulet of the acrobat
 j - an amulet of faith (around neck)
 o - a +6 ring of strength (right hand)
 q - a +5 ring of evasion (left hand)
 x - a ring of see invisible
Wands
 p - a wand of mindburst (35)
 y - a wand of digging (6)
 B - a wand of flame (34)
 I - a wand of roots (7)
 L - a wand of quicksilver (5)
Scrolls
 a - 3 scrolls of magic mapping
 b - a scroll of silence
 e - 2 scrolls of poison
 g - 4 scrolls of fog
 k - 4 scrolls of teleportation
 l - 4 scrolls of enchant armour
 m - a scroll of vulnerability
 r - 3 scrolls of enchant weapon
 s - a scroll of amnesia
 t - a scroll of butterflies
 E - a scroll of immolation {unknown}
 J - 2 scrolls of blinking
Potions
 d - 2 potions of flight
 f - 2 potions of heal wounds
 h - 2 potions of curing
 w - a potion of mutation {unknown}
 z - 2 potions of magic
 C - 3 potions of ambrosia
 F - a potion of resistance
 G - 2 potions of haste
 H - 2 potions of degeneration {unknown}


   Skills:
 * Level 9.4 Fighting
 * Level 10.1 Maces & Flails
 * Level 9.4 Armour
 + Level 5.1 Dodging
 * Level 9.4 Shields
 + Level 7.6 Invocations


You had 11 spell levels left.
You didn't know any spells.
Your spell library contained the following spells:

 Spells                   Type           Power      Damage    Failure   Level
 Kiss of Death            Conj/Necr      0%         2d5       67%         1
 Magic Dart               Conj           0%         1d3       67%         1
 Slow                     Hex            0%         N/A       67%         1
 Blink                    Tloc           0%         N/A       80%         2
 Lesser Beckoning         Tloc           0%         N/A       80%         2
 Momentum Strike          Conj/Tloc      0%         3d8       80%         2
 Scorch                   Fire           0%         2d5       80%         2
 Searing Ray              Conj           0%         2d4       80%         2
 Confusing Touch          Hex            0%         N/A       95%         3
 Hailstorm                Conj/Ice       0%         3d3       95%         3
 Vampiric Draining        Necr           0%         2d6       95%         3
 Dispel Undead            Necr           0%         3d6       100%        4
 Flame Wave               Conj/Fire      0%         2d4       100%        4
 Fulminant Prism          Conj/Hex       0%         3d5       100%        4
 Ice Form                 Ice/Tmut       0%         N/A       100%        4
 Petrify                  Tmut/Erth      0%         N/A       100%        4
 Irradiate                Conj/Tmut      0%         3d11      100%        5
 Simulacrum               Ice/Necr       0%         N/A       100%        6
 Summon Cactus Giant      Summ           0%         N/A       100%        6
 Sublimation of Blood     Necr           Unusable   N/A       N/A         2

Dungeon Overview and Level Annotations

Branches:
Dungeon (10/15)            Temple (1/1) D:4            Lair (0/5) D:8
    Orc: D:9-12

Altars:
Ashenzari
Cheibriados
Dithmenos
Elyvilon
Fedhas
Gozag
Hepliaklqana
Kikubaaqudgha
Makhleb
Nemelex Xobeh
Okawaru
Qazlal
Ru
Sif Muna
Trog
Uskayaw
Vehumet
Wu Jian
Xom
Yredelemnul
Zin
The Shining One


Innate Abilities, Weirdness & Mutations

You are immune to sickness and miasma.
Your stone body is resilient. (AC +8)
You are immune to poison.
You resist negative energy. (rN+)
You are resistant to electric shocks. (rElec)
You are resistant to unholy torment.
You are immune to petrification.


Message History

Aim: an orc warrior, wielding a +0 long sword, wearing a +0 chain mail and carrying a wand of mindburst (5) (58% to hit)
You throw a boomerang. The boomerang hits the orc warrior.
The orc warrior is lightly wounded.
Something hits you but does no damage. Something barely misses you.
An orc warrior comes into view. It is wielding a +4 halberd.
You hear a shout!
The orc no longer looks unusually strong.
Something closely misses you.
The orc throws a stone.
The stone barely misses you.
You hear a shout!
The orc no longer looks unusually strong.
Something barely misses you.
The orc warrior zaps a wand.
An orc wizard comes into view. It is wielding a +0 dagger.
The orc wizard shouts!
You hear a shout!
Something hits you but does no damage. x2
You thump something! Something hits you.
You closely miss something. Something hits you!
* * * LOW HITPOINT WARNING * * *
The orc wizard casts a spell.
The orc wizard flickers and vanishes!
An orc comes into view. It is wielding a +0 falchion.
You hear a shout!
You closely miss something. You block something's attack.
The orc throws a stone.
You block the stone.
An orc comes into view. It is wielding a +0 dagger.
You miss something. Something barely misses you. x2
The orc warrior zaps a wand.
The orc throws a stone.
You block the stone.
An orc comes into view. It is wielding a +0 mace.
You hit something but do no damage.
You hear a shout!
Something barely misses you. Something hits you but does no damage.
The orc warrior zaps a wand.
Something's mind is blasted.
Reactivating autopickup.
You feel a bit more experienced. The orc attacks as you move away!
You block the orc's attack.
You sock the orc!
You kill the orc!
Qazlal accepts your kill.
The orc warrior zaps a wand.
Your mind is blasted!
You die...

...#......♣♣♣......#
............o......#
...........#....o..#
...........##..oo..#
.........####..ooo.#
........## ####o###
.......## #o#
..###### #)# .## #@#
.# #.# .# #.# .# #.#
.# #.# .# ≈#.#
.###########.≈≈..#
.†).).......~≈≈~##
########.#~..≈≈.


You could see 2 orc warriors and 6 orcs.

Vanquished Creatures
  Snorg (D:10)
  Erolcha (D:9)
  A centaur warrior (D:10)
  Erica (D:8)
  A tengu warrior (D:10)
  Pikel (D:9)
  An orc knight (D:10)
  Psyche (D:8)
  An efreet (D:10)
  A troll (D:9)
  A hornet (D:7)
  Grinder (D:3)
  The ghost of bungle the Ducker, an amateur DjCj of Makhleb (D:4)
  4 wyverns (D:8)
  4 yaks (D:8)
  4 steam dragons
  Grum (D:8)
  Edmund (D:6)
  5 water moccasins
  3 sky beasts
  An ice beast (D:7)
  2 black bears (D:7)
  4 ogres
  3 orc warriors
  4 wolves (D:8)
  2 phantoms
  4 centaurs
  10 bullfrogs
  Blork the orc (D:6)
  4 water moccasin zombies
  3 gnoll sergeants
  5 scorpions
  8 wights
  20 killer bees
  A howler monkey (D:7)
  2 lava snakes (D:9)
  3 bullfrog zombies
  5 jellies
  A centaur zombie (D:4)
  4 hounds
  A human zombie (D:6)
  6 orc priests
  A gnoll bouda (D:5)
  2 sleepcaps
  Crazy Yiuf (D:6)
  12 orc wizards
  6 iguanas
  A scorpion zombie (D:4)
  A killer bee zombie (D:6)
  2 mummies (D:6)
  A hound zombie (D:4)
  2 hound skeletons (D:4)
  2 howler monkey zombies (D:6)
  12 gnolls
  6 adders
  A white imp (D:6)
  2 adder skeletons (D:4)
  2 adder zombies (D:4)
  A worm (D:2)
  3 dart slugs
  42 orcs
  3 ball pythons
  2 bats
  6 endoplasms
  5 giant cockroaches
  8 goblins
  3 hobgoblins
  3 jackals
  6 quokkas
  2 frilled lizards (D:1)
  5 kobolds
  11 rats
283 creatures vanquished.

Vanquished Creatures (others)
  An unseen horror (D:10)
  An orc (D:6)
2 creatures vanquished.

Grand Total: 285 creatures vanquished

Notes
Turn   | Place    | Note
-------+----------+-------------------------------------------
     0 | D:1      | Tirrikindir the Gargoyle Fighter began the quest for the
                  | Orb.
     0 | D:1      | Reached XP level 1. HP: 14/14 MP: 1/1
   220 | D:1      | Reached XP level 2. HP: 19/19 MP: 2/2
   491 | D:1      | Reached XP level 3. HP: 19/23 MP: 3/3
   995 | D:2      | Reached skill level 1 in Dodging
  1003 | D:2      | Reached XP level 4. HP: 29/29 MP: 4/4
  1221 | D:2      | Identified the +1 robe of Marbles {rElec rC+ rCorr Int-3}
  1258 | D:2      | Identified the +4 dagger of Lepsaqet {freeze, Will+ SInv}
  1343 | D:3      | Reached skill level 3 in Maces & Flails
  1445 | D:3      | Found a blossoming altar of Fedhas.
  1618 | D:3      | Reached XP level 5. HP: 33/33 MP: 5/5
  1650 | D:3      | Found a sparkling altar of Nemelex Xobeh.
  2350 | D:3      | Noticed Grinder
  2398 | D:3      | Killed Grinder
  2399 | D:3      | Reached skill level 4 in Maces & Flails
  2399 | D:3      | Reached XP level 6. HP: 22/39 MP: 6/6
  2585 | D:4      | Reached XP level 7. HP: 34/44 MP: 7/7
  2629 | D:4      | Found a staircase to the Ecumenical Temple.
  2642 | Temple   | Entered the Ecumenical Temple
  2663 | Temple   | Became a worshipper of Qazlal Stormbringer
  2916 | D:4      | Reached skill level 1 in Invocations
  2924 | D:4      | Reached skill level 5 in Maces & Flails
  2939 | D:4      | Noticed bungle's ghost (amateur DjCj)
  2947 | D:4      | Found a transporter.
  2955 | D:4      | Found a transporter.
  3004 | D:4      | Found a sacrificial altar of Ru.
  3046 | D:4      | Reached skill level 5 in Fighting
  3090 | D:4      | Reached skill level 5 in Armour
  3090 | D:4      | Reached XP level 8. HP: 45/49 MP: 9/9
  3178 | D:4      | Reached skill level 5 in Shields
  3411 | D:4      | Reached * piety under Qazlal
  3432 | D:5      | Entered Level 5 of the Dungeon
  3557 | D:5      | Reached skill level 6 in Maces & Flails
  3942 | D:5      | Reached skill level 7 in Maces & Flails
  4065 | D:5      | Reached ** piety under Qazlal
  4084 | D:5      | Reached skill level 5 in Invocations
  4399 | D:5      | Reached XP level 9. HP: 48/54 MP: 12/12
  4908 | D:6      | Noticed Edmund
  4917 | D:6      | Killed Edmund
  4968 | D:6      | Found a basalt altar of Yredelemnul.
  5238 | D:6      | Found a runed translucent door.
  5239 | D:6      | Noticed Crazy Yiuf
  5244 | D:6      | Killed Crazy Yiuf
  5544 | D:6      | Noticed Blork the orc
  5552 | D:6      | Killed Blork the orc
  5599 | D:6      | Reached *** piety under Qazlal
  6109 | D:7      | Noticed a hornet
  6116 | D:7      | Killed a hornet
  6229 | D:7      | Reached XP level 10. HP: 53/61 MP: 14/14
  6232 | D:7      | Reached skill level 8 in Maces & Flails
  6602 | D:7      | Reached **** piety under Qazlal
  7197 | D:8      | Noticed Grum
  7214 | D:8      | Killed Grum
  7432 | D:8      | Reached XP level 11. HP: 54/68 MP: 15/15
  7439 | D:8      | Reached skill level 9 in Maces & Flails
  7570 | D:8      | Found a staircase to the Lair.
  7619 | D:8      | Noticed Psyche
  7621 | D:8      | Killed Psyche
  7629 | D:8      | Noticed Erica
  7648 | D:8      | Reached ***** piety under Qazlal
  7657 | D:8      | Killed Erica
  7763 | D:8      | Identified 2 scrolls of acquirement
  7764 | D:8      | Acquired 476 gold pieces
  7766 | D:8      | Acquired 597 gold pieces
  8276 | D:9      | Noticed Pikel
  8283 | D:9      | Killed Pikel
  8466 | D:9      | Noticed Erolcha
  8489 | D:9      | Killed Erolcha
  8726 | D:9      | Found a white marble altar of Elyvilon.
  8726 | D:9      | Found a hazy altar of Hepliaklqana.
  9553 | D:4      | Killed bungle's ghost
  9777 | D:10     | Entered Level 10 of the Dungeon
  9849 | D:10     | Noticed a tengu warrior
  9851 | D:10     | Noticed an orc knight
  9852 | D:10     | Noticed a centaur warrior
  9854 | D:10     | Noticed a deep elf pyromancer
  9865 | D:10     | Killed a centaur warrior
 10028 | D:10     | Killed a tengu warrior
 10029 | D:10     | Reached skill level 5 in Dodging
 10058 | D:10     | Reached XP level 12. HP: 17/76 MP: 17/17
 10116 | D:10     | Noticed Snorg
 10131 | D:10     | Killed Snorg
 10132 | D:10     | Reached skill level 10 in Maces & Flails
 10277 | D:10     | Blown up by an orc warrior

Illustrated notes

Levels and vault maps discovered:
D:1:      wander_arrival_chamber, layout_loops_ring
D:2:      layout_rooms, small_statue_intersection
D:3:      layout_loops_cross, mainiacjoe_overflow_paths,
          fedhas_altar_fruit_tree, serial_co_window_serial, co_window_paths_a,
          co_window_corner_a, co_window_paths_b, co_window_corner_a,
          co_window_paths_a, co_window_paths_a, co_window_paths_a,
          co_window_of_opportunity_a, co_window_paths_a, co_window_broadway_b,
          co_window_paths_c, co_window_of_opportunity_c,
          co_window_unsneaky_path_d, kennysheep_orc_chapel, uniq_grinder
D:4:      layout_basic, mainiacjoe_overflow_tiny_flanked,
          minmay_temple_entry_steel_oval, gammafunk_ghost_arena, serial_undead,
          serial_undead_b, serial_undead_f, serial_undead_f, serial_undead_b,
          serial_undead_c, serial_undead_b, serial_undead_b,
          chequers_serial_rivers_room_a
D:5:      layout_loops_cross
D:6:      layout_cave_pods, lemuel_mausoleum_altar_yredelemnul,
          corexii_item_surrounded_by_moat, due_unseen_surprise,
          uniq_crazy_yiuf_cottage, uniq_blork_the_orc, uniq_edmund
D:7:      nzn_winding_woodlands_three_and_one
          [nzn_winding_woodlands_5x15_pockets,
          nzn_winding_woodlands_5x15_sawtooth, nzn_winding_woodlands_5x15_twine,
          nzn_winding_woodlands_center_pierced_h], layout_basic
D:8:      layout_loops_ring, minmay_lair_entry_grove, kennysheep_generic_room_5,
          uniq_erica, uniq_grum, uniq_psyche
D:9:      layout_basic, nicolae_overflow_two_pavilions,
          chequers_decorated_corner, uniq_pikel, uniq_erolcha
D:10:     minmay_curly_fans, layout_rooms, hiddenorc2_lemuel, solitary_fountain,
          minmay_stone_trees_small, dreamdust_mushroom_princess,
          chequers_serial_rivers_small_3, uniq_snorg
Temple:   regret_index_temple_sphere_string

Skill      XL: |  1  2  3  4  5  6  7  8  9 10 11 12 |
---------------+-------------------------------------+-----
Dodging        | 1 2 3 4 5 |  5.1
Maces & Flails | 3 4 5 7 8 9 10 | 10.1
Fighting       | 4 5 6 7 9 |  9.4
Armour         | 4 5 6 7 9 |  9.4
Shields        | 4 5 6 7 9 |  9.4
Invocations    | 1 5 6 7 |  7.6

Action                     |  1- 3 |  4- 6 |  7- 9 | 10-12 || total
---------------------------+-------+-------+-------+-------++-------
  Melee: Flail             |   101 |   156 |   394 |   516 ||  1167
         Whip              |       |       |   189 |       ||   189
  Throw: Boomerang         |       |     2 |     1 |     4 ||     7
  Evoke: Wand              |       |       |     1 |     3 ||     4
    Use: Scroll            |     7 |     2 |     5 |     8 ||    22
         Potion            |       |     1 |     3 |     4 ||     8
 Armour: Scale mail        |    50 |     5 |       |       ||    55
         Chain mail        |       |    76 |   147 |       ||   223
         Ring mail         |       |       |    56 |   141 ||   197
  Dodge: Dodged            |    47 |    65 |   290 |   347 ||   749
         Repelled          |       |       |       |     6 ||     6
  Block: Buckler           |    25 |    36 |   155 |   253 ||   469
         Kite shield       |       |       |       |   120 ||   120
